 Dungeon Crawl Stone Soup version 0.30-b1-2-g02819fbbbe (webtiles) character file.

Game seed: 13405992892067112810

1833876 dorian the Englaciator (level 27, 195/195 HPs)
             Began as a Barachi Ice Elementalist on May 6, 2023.
             Was the Champion of Hepliaklqana.
             Escaped with the Orb
             ... and 4 runes on May 9, 2023!
             The game lasted 06:41:36 (104444 turns).

dorian the Englaciator (Barachi Ice Elementalist) Turns: 104444, Time: 06:41:37

Health: 195/195    AC: 37    Str: 20      XL:     27
Magic:  56/56      EV: 15    Int: 28 (29) God:    Hepliaklqana [******]
Gold:   5186       SH:  8    Dex: 17      Spells: 6/67 levels left

rFire   + + .        T - staff of conjuration
rCold   . . .        V - +2 buckler of the Turtle {Fly rC+ rCorr Dex+2}
rNeg    + . .        S - +5 fire dragon scales
rPois   +            d - +3 helmet of Darkness {rCorr}
rElec   +            v - +2 cloak "Doeff" {Will+}
rCorr   +            I - +2 pair of gloves {Dex+3}
SInv    .            j - +0 pair of boots {rampage}
Will    +++++        R - amulet "Ituxte" {Acrobat rElec rN+ Will++ Stlth-} Stlth
                     C - ring of magical power
HPRegen 0.52/turn    H - ring "Vylejena" {rPois Str+4 Int+3}
MPRegen 0.35/turn

%: acrobat, rampage
@: flying, studying 2 skills, slow
A: reduced essence, amphibious, slowness 1, strong legs 2, +LOS, fangs 1,
iridescent scales 1, clever 1, strong-willed 1, no potion heal 1, inability to
drink after injury 1
0: Orb of Zot
}: 4/15 runes: decaying, slimy, silver, gossamer
a: Hop, Renounce Religion, Recall Ancestor, Ancestor Identity, Transference,
Idealise


You escaped.
You worshipped Hepliaklqana.
Hepliaklqana was exalted by your worship.
You visited 10 branches of the dungeon, and saw 52 of its levels.
You visited 1 bazaar.
You also visited: Trove, Bailey and Ice Cave.

You collected 11538 gold pieces.
You spent 6352 gold pieces at shops.

Inventory:

Hand Weapons
 K - the +6 Majin-Bo {spellvamp, MP+6 Int+6}
   (You found it in a treasure trove)

   Int:       It affects your intelligence (+6).
   MP:        It affects your magic capacity (+6).
 P - the +9 whip of the Enchanted Forest {holy, rPois Will+}
   (You took it off a frost giant on level 2 of the Depths)

   rPois:     It protects you from poison.
   Will:      It increases your willpower.
 Q - the +9 hand axe of Diet Blood {freeze, rPois rN+ SInv}
   (You found it on level 5 of the Pits of Slime)

   rPois:     It protects you from poison.
   rN:        It protects you from negative energy.
   SInv:      It lets you see invisible.
Armour
 d - the +3 helmet of Darkness (worn) {rCorr}
   (You found it on level 3 of the Elven Halls)

   rCorr:     It protects you from acid and corrosion.
 e - a +0 pair of boots
 j - a +0 pair of boots of rampaging (worn)
 s - quicksilver dragon scales
 v - the +2 cloak "Doeff" (worn) {Will+}
   (You found it on level 15 of the Dungeon)

   Will:      It increases your willpower.
 I - a +2 pair of gloves of dexterity (worn)
 S - +5 fire dragon scales (worn)
 V - the +2 buckler of the Turtle (worn) {Fly rC+ rCorr Dex+2}
   (You found it on level 5 of the Vaults)

   Dex:       It affects your dexterity (+2).
   rC:        It protects you from cold.
   Fly:       It grants you flight.
   rCorr:     It protects you from acid and corrosion.
Magical Staves
 t - the staff of cold "Dixuj" {rC+ Dex+5}
   (You found it on level 2 of the Depths)

   [staff of cold]

   Base accuracy: +5 Base damage: 5 Base attack delay: 1.2 This weapon's minimum
   attack delay (0.6) is reached at skill level 12.
   Dex:       It affects your dexterity (+5).
   rC:        It protects you from cold.
   It falls into the 'Staves' category.
   It is a one-handed weapon.
 T - a staff of conjuration (weapon)
Jewellery
 o - a ring of see invisible
 w - the amulet of the Air {Inacc Air Fly rElec RMsl}
   (You found it on level 5 of the Pits of Slime)

   [amulet of nothing]

   Inacc:     It reduces the accuracy of your attacks and spells.
   Air:       It enhances your air magic.
   rElec:     It insulates you from electricity.
   Fly:       It grants you flight.
   RMsl:      It protects you from missiles.
 x - a +4 ring of protection
 C - a ring of magical power (left hand)
 H - the ring "Vylejena" (right hand) {rPois Str+4 Int+3}
   (You took it off a vault warden on level 5 of the Vaults)

   [ring of poison resistance]

   Str:       It affects your strength (+4).
   Int:       It affects your intelligence (+3).
   rPois:     It protects you from poison.
 J - a +6 ring of intelligence
 R - the amulet "Ituxte" (around neck) {Acrobat rElec rN+ Will++ Stlth-}
   (You bought it in a shop on level 2 of the Orcish Mines)

   [amulet of the acrobat]

   It increases your evasion while moving and waiting.
   rElec:     It insulates you from electricity.
   rN:        It protects you from negative energy.
   Will:      It greatly increases your willpower.
   Stlth:     It makes you less stealthy.
 U - the ring "Ojirazum" {Ice Will+ Dex+4}
   (You found it in an ice cave)

   [ring of ice]

   It enhances your ice magic.
   Dex:       It affects your dexterity (+4).
   rF:        It makes you vulnerable to fire.
   rC:        It protects you from cold.
   Will:      It increases your willpower.
 W - the ring "Quepum" {+Blink rElec Str-3 Int+6 Slay+4}
   (You found it on level 1 of the Swamp)

   [ring of intelligence]

   Str:       It affects your strength (-3).
   Int:       It affects your intelligence (+6).
   Slay:      It affects your accuracy & damage with ranged weapons and melee
   (+4).
   rElec:     It insulates you from electricity.
   +Blink:    It lets you blink.
Wands
 c - a wand of roots (57)
 f - a wand of acid (50)
 l - a wand of mindburst (46)
 r - a wand of digging (40)
Scrolls
 a - 14 scrolls of amnesia
 h - 10 scrolls of fear
 m - 9 scrolls of teleportation
 u - 10 scrolls of fog
 y - 8 scrolls of immolation
 A - 2 scrolls of magic mapping
 N - 2 scrolls of silence
 O - 8 scrolls of vulnerability
 X - a scroll of blinking
Potions
 b - 5 potions of magic
 g - a potion of mutation
 i - 22 potions of curing
 k - a potion of heal wounds
 n - 8 potions of invisibility
 q - 8 potions of flight
 B - 5 potions of brilliance
 D - 3 potions of resistance
 E - 7 potions of ambrosia
 F - 8 potions of cancellation
 G - 5 potions of haste
 M - 12 potions of might
Miscellaneous
 p - a phial of floods
 L - a phantom mirror
 Y - a box of beasts
 Z - a lightning rod (4/4)


   Skills:
 - Level 18.1 Fighting
 + Level 21.1 Armour
 - Level 10.2 Dodging
 - Level 1.7 Stealth
 - Level 5.3 Shields
 - Level 20.9 Spellcasting
 + Level 22.4 Conjurations
 - Level 3.0 Summonings
 - Level 6.0 Necromancy
 - Level 13.0 Translocations
 O Level 27 Ice Magic
 - Level 10.6 Air Magic
 * Level 14.7 Earth Magic


You had 6 spell levels left.
You knew the following spells:

 Your Spells              Type           Power      Damage    Failure   Level
a - Sublimation of Blood  Necr           58%        N/A       1%          2
b - Frozen Ramparts       Ice            100%       1d16      0%          3
c - Ozocubu's Armour      Ice            100%       N/A       0%          3
d - Summon Ice Beast      Ice/Summ       85%        N/A       1%          4
e - Ozocubu's Refrigerat  Ice            55%        4d19      1%          7
f - Magic Dart            Conj           100%       1d8       0%          1
g - Airstrike             Air            36%        2d(6-22)  1%          4
h - Iron Shot             Conj/Erth      58%        9d11      1%          6
i - Freezing Cloud        Conj/Ice/Air   59%        6-21      1%          5
j - Summon Guardian Gole  Hex/Summ       37%        N/A       5%          3
k - Blink                 Tloc           100%       N/A       1%          2
l - Stone Arrow           Conj/Erth      100%       3d13      0%          3
m - Hailstorm             Conj/Ice       100%       3d20      0%          3
n - Passage of Golubria   Tloc           80%        N/A       1%          4
o - Swiftness             Air            73%        N/A       1%          3
p - Lehudib's Crystal Sp  Conj/Erth      58%        10d13     11%         8

Your spell library contained the following spells:

 Spells                   Type           Power      Damage    Failure   Level
 Freeze                   Ice            100%       1d10      0%          1
 Sandblast                Erth           100%       2d20      0%          1
 Static Discharge         Conj/Air       100%       2-7/arc   0%          2
 Necrotise                Necr           100%       1d9       1%          1
 Summon Small Mammal      Summ           100%       N/A       1%          1
 Call Imp                 Summ           92%        N/A       1%          2
 Cigotuvi's Dreadful Rot  Necr/Pois/Air  100%       N/A       1%          2
 Ensorcelled Hibernation  Hex/Ice        100%       N/A       1%          2
 Lesser Beckoning         Tloc           100%       N/A       1%          2
 Passwall                 Tmut/Erth      52%        N/A       1%          2
 Poisonous Vapours        Pois/Air       100%       N/A       1%          2
 Gell's Gravitas          Tloc           80%        N/A       1%          3
 Mephitic Cloud           Conj/Pois/Air  95%        N/A       1%          3
 Portal Projectile        Hex/Tloc       100%       N/A       1%          3
 Teleport Other           Tloc           80%        N/A       1%          3
 Animate Armour           Summ/Erth      100%       N/A       1%          4
 Flame Wave               Conj/Fire      95%        2d20      1%          4
 Ice Form                 Ice/Tmut       81%        N/A       1%          4
 Iskenderun's Mystic Bla  Conj/Tloc      100%       2d19      1%          4
 Leda's Liquefaction      Hex/Erth       31%        N/A       1%          4
 Manifold Assault         Tloc           80%        N/A       1%          4
 Petrify                  Tmut/Erth      63%        N/A       1%          4
 Sticky Flame             Conj/Fire      95%        2d10      1%          4
 Summon Lightning Spire   Summ/Air       61%        N/A       1%          4
 Irradiate                Conj/Tmut      47%        3d27      1%          5
 Lee's Rapid Deconstruct  Erth           42%        3d20*     1%          5
 Simulacrum               Ice/Necr       44%        N/A       1%          6
 Call Canine Familiar     Summ           46%        N/A       2%          3
 Dispersal                Tloc           40%        N/A       2%          6
 Sting                    Tmut/Pois      100%       1d8       3%          1
 Wereblood                Tmut           29%        N/A       4%          2
 Ignite Poison            Fire/Tmut/Pois 29%        N/A       10%         3
 Inner Flame              Hex/Fire       29%        N/A       10%         3
 Tukima's Dance           Hex            29%        N/A       10%         3
 Anguish                  Hex/Necr       23%        N/A       10%         4
 Silence                  Hex/Air        28%        N/A       11%         5
 Statue Form              Tmut/Erth      42%        N/A       24%         6
 Olgreb's Toxic Radiance  Pois           29%        N/A       32%         4
 Summon Mana Viper        Hex/Summ       37%        N/A       43%         5
 Blade Hands              Tmut           14%        N/A       67%         5
 Yara's Violent Unravell  Hex/Tmut       14%        3d7       67%         5
 Maxwell's Capacitive Co  Air            36%        ∞         95%         8
 Storm Form               Tmut/Air       28%        N/A       97%         7
 Haunt                    Necr/Summ      26%        N/A       99%         7
 Dragon Form              Tmut           14%        N/A       100%        7
 Enfeeble                 Hex            14%        N/A       100%        7
 Monstrous Menagerie      Summ           23%        N/A       100%        7
 Summon Hydra             Summ           23%        N/A       100%        7
 Borgnjor's Revivificati  Necr           29%        N/A       100%        8
 Discord                  Hex            14%        N/A       100%        8
 Ignition                 Fire           14%        3d6       100%        8
 Necromutation            Tmut/Necr      23%        N/A       100%        8
 Summon Horrible Things   Summ           23%        N/A       100%        8
 Death's Door             Necr           29%        N/A       100%        9


Dungeon Overview and Level Annotations

Branches:
Dungeon (15/15)            Temple (0/1) D:7            Lair (5/5) D:9
  Swamp (4/4) Lair:3       Spider (4/4) Lair:3        Slime (5/5) Lair:5
    Orc (2/2) D:11            Elf (3/3) Orc:2        Vaults (5/5) D:14
  Crypt (0/3) Vaults:2     Depths (4/4) D:15            Zot (5/5) Depths:4
 Bailey (visited)           IceCv (visited)

Altars:
Fedhas
Gozag
Hepliaklqana
Kikubaaqudgha
Okawaru
Ru
Sif Muna
Uskayaw
Wu Jian
Xom
Yredelemnul
Zin
The Shining One
Jiyva
Lugonu

Shops:
D:3 :*   D:6 :   D:9 :*   Orc:2 =!=(   Elf:1 (   Elf:2 [*((   Vaults:3 (
Vaults:4 [((   Depths:3 **   Depths:4 *!:

Portals:
Hell: Depths:1 Depths:2 Depths:3 Depths:4
Abyss: Depths:1 Depths:2 Depths:3 Depths:4
Pandemonium: Depths:1 Depths:2 Depths:4
Ziggurat: Depths:4

Annotations:
D:7 exclusion: oklob sapling
Swamp:2 3 runed translucent doors, diceflayer's ghost, journeyman DsHu
Elf:2 3 runed translucent doors
Zot:2 1 transporter
Zot:3 exclusion: Killer Klown


Innate Abilities, Weirdness & Mutations

Your life essence is reduced to manifest your ancestor. (-10% HP)
You are amphibious.
You cover ground slowly.
You can hop long distances.
You have an extended range of vision and can be seen from far away.
You have very sharp teeth.
You are partially covered in iridescent scales. (AC +2)
Your mind is acute. (Int +4, Str/Dex -1)
You are strong-willed. (Will+)
Potions are less effective at restoring your health.
You occasionally lose the ability to drink potions when taking damage.


Message History

Confirm with . or Enter, or press ? or * to list all spells.
Aiming: Iron Shot (mildly dangerous; 1% risk of failure)
Press: ? - help, Shift-Dir - straight line, f/p - sixfirhy
Aim: a sixfirhy (heavily wounded, 53% to hit)
You feel a surge of power!
The iron shot hits the sixfirhy!!!
You kill the sixfirhy!
Unknown command.
Donald is recalled.
You start resting.
You are ready to hop once more.
(D) Dungeon (T) Temple (L) Lair (S) Swamp (N) Spider Nest (M) Slime Pits (O) Orcish Mines (E) Elven Halls (V) Vaults (C) Crypt (U) Depths (H) Hell (Z) Zot
Where to? (Enter - D:6 @ (x,y), ? - help)
What level of the Dungeon? (default 1, ? - help)
You swap places.
HP restored.
There is a stone staircase leading up here.
You fly upwards.
There is a stone staircase leading down here.
There is an open door here.
Magic restored.
There is a stone staircase leading up here.
You fly upwards.
There is a stone staircase leading down here.
There is a stone staircase leading up here.
You fly upwards.
There is a stone staircase leading down here.
There is a stone staircase leading up here.
You fly upwards.
There is a stone staircase leading down here.
You feel yourself speed up.
Donald blocks something's attack.
Something hits Donald but does no damage.
Your extra speed is starting to run out.
There is an open door here.
You feel yourself slow down.
There is a staircase leading out of the dungeon here.
You have escaped!

..R..#.##........##.......#
#.
#..#.........######.......#
#. #..#.#.##....# ####.####
#. ...>.#.###.###########.#
#######. #.##.#.#
#.............# #.......
#.##.#.# #.............#
#.######
#(##.#.###....##'##....#
#.##.###
#.#......#...##...##...#
#.##....
#.####.#.#...#..@..#...#
#.##.###
#.#....#.#...##...##...#
#.##.#..
..#.####.#....##+##....#
#.##.#.# ###.#
#...............# #.##.#.#
..#.# #...............#
#.##.#.# #.#.#
#.#############.###.##.#.#
#.#.# #.# #.......#.##.#.#
#.#.# #.# #.#####.#.##....
#.#.# #.# #.# #.#.####.#


There were no monsters in sight!

Vanquished Creatures
  the Royal Jelly (Slime:5)
  Dissolution (Slime:3)
  2 ancient liches
  Mennas (Depths:4)
  9 orbs of fire
  Margery (Depths:4)
  3 Killer Klowns
  A caustic shrike (Depths:4)
  9 golden dragons
  A curse toe (Zot:3)
  A bone dragon (Depths:4)
  A Tzitzimitl (Depths:3)
  2 electric golems (Zot:5)
  A Brimstone Fiend (Zot:1)
  8 tentacled monstrosities
  2 deep elf blademasters (Elf:3)
  24 Orb Guardians
  7 quicksilver dragons
  4 titans (Vaults:5)
  2 Executioners
  4 death cobs
  13 acid blobs
  A deep elf master archer (Elf:3)
  4 sphinxes
  4 tengu reavers
  2 thorn hunters (Swamp:4)
  9 storm dragons
  5 shadow dragons
  3 draconian monks
  6 fire giants
  A demonspawn warmonger (D:10)
  10 rockslimes
  12 azure jellies
  16 vault wardens
  The ghost of Jeffwins the Severer, a journeyman OgMo of Okawaru (D:11)
  4 draconian knights
  3 ghost moths
  Louise (Swamp:4)
  5 deep elf sorcerers
  5 frost giants
  2 iron dragons
  4 draconian scorchers
  Aizul (Spider:1)
  3 orc warlords
  2 draconian stormcallers (Zot:1)
  3 draconian shifters (Zot:1)
  2 balrugs
  14 ironbound preservers
  2 deep elf elementalists (Elf:3)
  3 broodmothers
  An angel (D:10)
  6 draconian annihilators
  7 quicksilver oozes
  A cacodemon (Zot:1)
  2 war gargoyles
  An ironbound thunderhulk (Vaults:2)
  9 green draconians
  A reaper (Depths:2)
  26 very ugly things
  5 black draconians
  5 stone giants
  6 deep elf demonologists
  A demonspawn black sun (D:10)
  A vampire knight (Depths:2)
  A minotaur (D:15)
  The ghost of Uvinaotu the Blocker, a journeyman MiFi of the Shining One (D:15)
  2 eleionomae (Swamp:4)
  3 purple draconians
  11 dire elephants
  5 deep elf annihilators
  Nessos (D:12)
  5 yellow draconians
  7 spark wasps
  12 red draconians
  4 white draconians
  5 bunyips
  12 ettins
  6 entropy weavers
  2 crystal guardians
  A shambling mangrove (Swamp:4)
  A deep elf death mage (Elf:3)
  2 fire dragons
  9 yaktaur captains
  4 ice dragons
  26 vault guards
  8 deep elf high priests
  6 great orbs of eyes
  3 rakshasas
  3 peacekeepers
  3 jorogumos
  A spriggan air mage (Depths:3)
  A catoblepas (Lair:5)
  4 ironbound frosthearts
  10 hydras
  4 ogre magi
  2 centaur warriors
  2 radroaches
  10 two-headed ogres
  A ghost crab (Swamp:4)
  6 dancing weapons
  7 alligators
  A death knight (D:15)
  5 deep troll shamans
  5 boulder beetles
  A naga warrior (Depths:3)
  3 tengu warriors (Depths:1)
  3 deep troll earth magi
  13 death yaks
  2 orc high priests (Elf:2)
  A vampire mage (Depths:1)
  2 spriggan berserkers (Depths:2)
  A naga sharpshooter (Depths:3)
  3 deep elf knights
  2 skysharks
  5 hell knights
  A soul eater (D:10)
  5 sixfirhies
  4 goliath frogs
  A fire crab (shapeshifter) (Depths:2)
  2 iron trolls
  3 pharaoh ants
  A shadow wraith (Vaults:5)
  A skeletal warrior (D:12)
  9 swamp dragons
  A flayed ghost (Depths:2)
  A shadow demon (D:14)
  46 deep trolls
  2 bog bodies
  5 glowing orange brains
  11 deep elf archers
  14 ironbound convokers
  2 spriggan druids (Swamp:3)
  11 orb spiders
  A large abomination (Zot:1)
  25 deep elf pyromancers
  7 necromancers
  2 wizards
  5 harpies (Vaults:1)
  30 deep elf zephyrmancers
  5 phantasmal warriors
  12 lindwurms
  8 orc knights
  3 steelbarb worms
  19 ugly things
  3 cyclopes
  2 orc sorcerers
  9 will-o-the-wisps
  14 wolf spiders
  A manticore (shapeshifter) (Depths:3)
  8 shining eyes
  2 manticores (Lair:5)
  12 moths of wrath
  A guardian serpent (Depths:3)
  2 eyes of devastation (Slime:2)
  5 elephants (Lair:4)
  6 demonic crawlers
  8 vault sentinels
  A water nymph (shapeshifter) (Depths:4)
  4 black mambas
  11 cane toads
  A smoke demon (D:13)
  3 rime drakes
  4 komodo dragons
  5 torpor snails
  A gargoyle (D:11)
  2 kobold demonologists
  22 yaktaurs
  4 freezing wraiths
  A hellion (D:7)
  2 ice devils
  A tormentor (Zot:3)
  A troll (shapeshifter) (Vaults:5)
  2 tengu conjurers (D:14)
  2 polar bears
  A meliai (D:15)
  33 tarantellas
  A tengu simulacrum (Vaults:5)
  12 blink frogs
  9 trolls
  8 tyrant leeches
  6 hornets
  A hellwing (Depths:1)
  A frost giant simulacrum (Vaults:4)
  57 slime creatures
  4 air elementals
  A slime creature (shapeshifter) (Vaults:5)
  14 culicivoras
  38 jumping spiders
  6 spriggans
  2 water elementals
  A ynoxinul (Zot:3)
  48 yaks
  2 basilisks
  2 wraiths (D:13)
  2 golden eyes (Slime:5)
  4 wyverns
  A fire elemental (Depths:3)
  50 redbacks
  7 vampire mosquitoes
  Grum (D:8)
  2 wargs (Orc:1)
  An acid dragon (D:13)
  13 swamp worms
  17 water moccasins
  A floating eye (Depths:2)
  A floating eye (shapeshifter) (Vaults:5)
  4 hell hounds (D:7)
  9 swamp drakes
  29 orc warriors
  2 great orb of eyes simulacra (IceCv)
  A black bear (D:6)
  18 ogres
  13 wolves
  3 centaurs
  A phantom (D:6)
  A slime creature simulacrum (IceCv)
  4 lemures (D:8)
  10 bullfrogs
  A kobold brigand (D:9)
  3 scorpions
  2 glowing shapeshifter simulacra (IceCv)
  6 wights
  35 killer bees
  A howler monkey (D:9)
  8 electric eels
  15 orc priests
  Crazy Yiuf (D:4)
  3 hounds (D:9)
  A jelly (D:7)
  2 iguanas
  19 orc wizards
  A gnoll (Bailey)
  11 adders
  4 worms
  A dart slug (D:2)
  49 orcs
  10 endoplasms
  A giant cockroach (D:1)
  11 hobgoblins
  6 jackals (D:3)
  5 quokkas
  5 ball pythons
  4 bats
  2 frilled lizards (D:3)
  13 goblins
  10 kobolds
  5 rats
  31 briar patches
  A bush (Lair:4)
  A spectral weapon (Vaults:2)
1623 creatures vanquished.

Vanquished Creatures (collateral kills)
  2 orbs of fire
  A dread lich (Zot:5)
  A curse toe (Zot:5)
  2 caustic shrikes (Depths:4)
  Nikola (Vaults:1)
  3 golden dragons
  4 liches
  10 tentacled monstrosities
  2 quicksilver dragons
  8 Orb Guardians
  4 acid blobs
  A death cob (Zot:5)
  A sphinx (Vaults:3)
  2 storm dragons
  2 shadow dragons
  2 draconian monks
  An azure jelly (Slime:5)
  A draconian knight (Zot:3)
  2 fenstrider witches
  A fire giant (Vaults:5)
  4 frost giants
  2 deep elf sorcerers (Elf:3)
  2 emperor scorpions (Spider:3)
  A rockslime (Slime:3)
  A draconian scorcher (Zot:3)
  6 vault wardens
  4 ghost moths
  An orc warlord (Orc:1)
  A draconian stormcaller (Zot:3)
  2 war gargoyles
  A broodmother (Spider:4)
  7 stone giants
  5 ironbound preservers
  A demonspawn blood saint (Depths:4)
  A vampire knight (Depths:1)
  4 quicksilver oozes
  2 green draconians
  4 ironbound thunderhulks (Vaults:4)
  8 very ugly things
  A deep elf demonologist (Elf:3)
  2 eleionomae
  7 dire elephants
  2 deep elf annihilators (Elf:3)
  A red draconian (Zot:5)
  A lorocyproca (Depths:2)
  6 yellow draconians
  2 spark wasps (Depths:2)
  2 purple draconians
  2 bunyips
  2 crystal guardians
  A blizzard demon (D:12)
  2 white draconians
  45 slime creatures
  3 ettins (Depths:2)
  3 deep elf death magi (Elf:3)
  A yaktaur captain (Vaults:5)
  2 deep elf high priests (Elf:3)
  An entropy weaver (Vaults:5)
  11 fire dragons
  3 rakshasas
  A great orb of eyes (Vaults:4)
  A hell beast (Depths:2)
  5 hydras
  Erolcha (D:12)
  4 catoblepae
  6 ice dragons
  A peacekeeper (Vaults:2)
  3 ironbound frosthearts
  2 jorogumos
  2 radroaches (Spider:1)
  4 deep troll shamans
  2 centaur warriors
  6 dancing weapons
  An alligator (Swamp:1)
  3 boulder beetles
  3 death yaks
  7 two-headed ogres
  A tengu warrior (Depths:2)
  2 deep troll earth magi
  A shock serpent (shapeshifter) (Elf:1)
  5 hell knights
  2 deep elf knights
  A large abomination (Zot:1)
  A storm dragon zombie (Vaults:4)
  4 skeletal warriors
  A fire crab (Lair:3)
  A glowing orange brain (Depths:2)
  An orb spider (Spider:2)
  5 iron trolls
  2 sun moths
  3 steelbarb worms
  4 bog bodies
  A flayed ghost (Depths:3)
  17 deep trolls
  2 ironbound convokers (Vaults:4)
  2 wizards
  5 deep elf pyromancers
  2 deep elf archers (Elf:1)
  A necromancer (Depths:4)
  2 lindwurms
  2 swamp dragons
  2 orc knights (Elf:2)
  3 deep elf zephyrmancers
  Pikel (D:8)
  2 harpies (Vaults:1)
  11 wolf spiders
  4 cyclopes
  10 ugly things
  A tengu skeleton (Vaults:4)
  3 manticores
  A fire giant zombie (Vaults:5)
  5 elephants (Lair:4)
  13 moths of wrath
  A fire giant skeleton (Depths:3)
  2 ice statues (IceCv)
  A rust devil (Depths:1)
  2 black mambas
  2 torpor snails (Spider:2)
  A human zombie (Vaults:5)
  6 cane toads
  8 vault sentinels
  4 demonic crawlers
  3 komodo dragons
  An unseen horror (D:11)
  2 rime drakes (D:11)
  2 yaktaurs
  A red devil (Zot:3)
  An ice devil (Depths:1)
  6 trolls
  A hellwing (Depths:4)
  2 meliai (D:15)
  10 tarantellas
  A hornet (Spider:2)
  A blink frog (Lair:5)
  A shadow dragon simulacrum (Depths:3)
  2 tyrant leeches
  An ettin skeleton (Vaults:4)
  Sigmund (D:6)
  6 culicivoras
  11 jumping spiders
  2 spriggans (Swamp:3)
  A water elemental (Elf:3)
  23 yaks
  A wyvern (shapeshifter) (Depths:2)
  2 wraiths
  2 small abominations
  A fire elemental (Depths:3)
  A basilisk (Lair:4)
  A chaos spawn (Depths:1)
  2 vampire mosquitoes (Swamp:3)
  6 swamp worms
  31 redbacks
  A glowing shapeshifter zombie (Depths:3)
  3 wargs
  2 acid dragons
  2 water moccasins
  A floating eye (Depths:2)
  A sky beast (D:7)
  12 orc warriors
  A swamp drake (Swamp:4)
  A black bear (D:5)
  A great orb of eyes simulacrum (IceCv)
  A black bear (shapeshifter) (Vaults:5)
  4 ogres
  3 centaurs
  A wolf (Lair:5)
  2 slime creature simulacra (IceCv)
  2 kobold brigands
  3 bullfrogs (Lair:1)
  4 earth elementals
  4 glowing shapeshifter simulacra (IceCv)
  2 scorpions (D:5)
  6 wights
  6 killer bees
  An electric eel (D:9)
  A human simulacrum (Vaults:4)
  5 orc priests
  4 hounds
  A sleepcap (D:4)
  14 human skeletons
  An iguana (D:5)
  11 orc wizards
  5 shapeshifter simulacra (IceCv)
  5 adders
  A shadow imp (D:4)
  3 white imps
  2 worms
  2 dart slugs
  29 orcs
  A bat (D:2)
  A giant cockroach (D:3)
  2 goblins
  3 hobgoblins
  A jackal (D:3)
  A ball python (D:3)
  A frilled lizard (D:3)
  3 kobolds (D:9)
  4 briar patches
702 creatures vanquished.

Vanquished Creatures (others)
  A deep elf master archer (Elf:3)
  A fire giant (Depths:4)
  An ironbound preserver (Vaults:2)
  4 stone giants
  A blizzard demon (Depths:4)
  A vault guard (Vaults:5)
  A yaktaur captain (Vaults:5)
  A centaur warrior (Vaults:4)
  A deep elf knight (Elf:1)
  An orc knight (Vaults:5)
  3 yaktaurs
  A bloated husk (Swamp:2)
  2 hounds (D:9)
  62 knights
  An ancestor (D:4)
  27 foxfires
  25 fungi
  52 plants
  13 withered plants (Depths:1)
199 creatures vanquished.

Grand Total: 2524 creatures vanquished

Notes
Turn   | Place    | Note
-------+----------+-------------------------------------------
     0 | D:1      | dorian the Barachi Ice Elementalist began the quest for the
                  | Orb.
     0 | D:1      | Reached XP level 1. HP: 13/13 MP: 3/3
   279 | D:1      | Reached skill level 5 in Ice Magic
   340 | D:1      | Reached XP level 2. HP: 12/19 MP: 0/5
  1132 | D:1      | Reached XP level 3. HP: 24/24 MP: 4/6
  1276 | D:2      | Learned a level 3 spell: Frozen Ramparts
  1280 | D:2      | Learned a level 3 spell: Ozocubu's Armour
  1303 | D:2      | Found a hazy altar of Hepliaklqana.
  1352 | D:2      | Became a worshipper of Hepliaklqana the Forgotten
  1574 | D:2      | Reached XP level 4. HP: 30/30 MP: 3/8
  1711 | D:2      | You fall into a shaft and drop 1 floor!
  1989 | D:2      | Reached skill level 6 in Ice Magic
  2218 | D:2      | Reached * piety under Hepliaklqana
  2265 | D:2      | Reached XP level 5. HP: 31/31 MP: 4/9
  2313 | D:2      | Found a faded altar of an unknown god.
  2706 | D:3      | Found Visuid's General Store.
  2736 | D:3      | Found a glowing silver altar of Zin.
  2952 | D:3      | Found Naukkeke's Book Shoppe.
  3033 | D:3      | Found Nihugugo's Book Emporium.
  3650 | D:4      | Reached skill level 7 in Ice Magic
  3650 | D:4      | Reached XP level 6. HP: 33/36 MP: 8/11
  3737 | D:4      | Found a runed translucent door.
  3740 | D:4      | Noticed Crazy Yiuf
  3811 | D:4      | Reached ** piety under Hepliaklqana
  3812 | D:4      | Remembered your ancestor Donald as a knight
  3932 | D:4      | Learned a level 4 spell: Summon Ice Beast
  4234 | D:4      | Found a blossoming altar of Fedhas.
  4371 | D:4      | Identified the +0 buckler of Truth {Harm Int+2}
  4586 | D:4      | Killed Crazy Yiuf
  4655 | D:5      | Entered Level 5 of the Dungeon
  4668 | D:5      | Found a sacrificial altar of Ru.
  4689 | D:5      | Noticed a black bear
  4694 | D:5      | Killed a black bear
  4695 | D:5      | Reached skill level 8 in Ice Magic
  4695 | D:5      | Reached XP level 7. HP: 41/41 MP: 9/13
  5050 | D:5      | Reached skill level 5 in Dodging
  5325 | D:5      | Reached XP level 8. HP: 46/46 MP: 15/15
  5479 | D:5      | Reached skill level 9 in Ice Magic
  5832 | D:6      | Reached skill level 5 in Spellcasting
  5862 | D:6      | Found Toiste's Book Shop.
  6070 | D:6      | Found an ornate altar of the Wu Jian Council.
  6350 | D:6      | Noticed Sigmund
  6702 | D:6      | Reached skill level 1 in Fighting
  6704 | D:6      | Killed Sigmund
  6705 | D:6      | Reached skill level 1 in Shields
  6705 | D:6      | Reached skill level 10 in Ice Magic
  6824 | D:7      | Reached *** piety under Hepliaklqana
  6848 | D:7      | Found a staircase to the Ecumenical Temple.
  7007 | D:7      | Reached XP level 9. HP: 55/55 MP: 17/17
  7474 | D:7      | Found a hazy altar of Hepliaklqana.
  7679 | D:7      | Found an ancient bone altar of Kikubaaqudgha.
  7986 | D:8      | Found a flagged portal.
  7996 | Bailey   | Entered a bailey
  8082 | Bailey   | Reached skill level 11 in Ice Magic
  8517 | Bailey   | Found an iron altar of Okawaru.
  8517 | Bailey   | Noticed a kobold demonologist
  8518 | Bailey   | Noticed an orc sorcerer
  8524 | Bailey   | Noticed a rust devil
  8524 | Bailey   | Killed an orc sorcerer
  8525 | Bailey   | Reached skill level 12 in Ice Magic
  8525 | Bailey   | Reached XP level 10. HP: 54/65 MP: 20/20
  8531 | Bailey   | Reached skill level 5 in Fighting
  8533 | Bailey   | Noticed a sixfirhy
  8533 | Bailey   | Killed a kobold demonologist
  8607 | Bailey   | Reached skill level 14 in Ice Magic
  8607 | Bailey   | Reached XP level 11. HP: 77/77 MP: 23/23
  8616 | Bailey   | Identified the +4 ice dragon scales "Vyarui" {*Slow rElec
                  | rF- rC++ SInv Stlth+}
  8802 | Bailey   | Acquired a staff of cold
  8813 | Bailey   | Learned a level 7 spell: Ozocubu's Refrigeration
  8953 | D:8      | Noticed Grum
  8965 | D:8      | Killed Grum
  8966 | D:8      | Reached skill level 5 in Shields
  9033 | D:8      | Noticed Pikel
  9040 | D:8      | Killed Pikel
  9041 | D:8      | Reached skill level 15 in Ice Magic
  9261 | D:8      | Reached **** piety under Hepliaklqana
  9610 | D:9      | Found a staircase to the Lair.
 10034 | D:3      | Bought a book of Storms for 260 gold pieces
 10034 | D:3      | Bought a book of Minor Magic for 180 gold pieces
 10036 | D:3      | Learned a level 1 spell: Magic Dart
 10041 | D:3      | Learned a level 4 spell: Airstrike
 10534 | D:9      | Found Yrobb's Distillery.
 10636 | D:9      | Bought a potion of heal wounds for 70 gold pieces
 10636 | D:9      | Bought a potion of curing for 42 gold pieces
 10707 | D:9      | Noticed a boulder beetle
 10739 | D:9      | Killed a boulder beetle
 10740 | D:9      | Reached skill level 1 in Air Magic
 10816 | D:9      | Found Cechir's Book Emporium.
 10929 | D:9      | Found Vott's Assorted Antiques.
 10945 | D:9      | Found a shimmering altar of Xom.
 10945 | D:9      | Found a shimmering altar of Xom.
 10945 | D:9      | Found a shimmering altar of Xom.
 10945 | D:9      | Found a shimmering altar of Xom.
 10945 | D:9      | Found a shimmering altar of Xom.
 10947 | D:9      | Found a shimmering altar of Xom.
 10947 | D:9      | Found a shimmering altar of Xom.
 10947 | D:9      | Found a shimmering altar of Xom.
 11227 | D:10     | Entered Level 10 of the Dungeon
 11228 | D:10     | Noticed a two-headed ogre
 11233 | D:10     | Killed a two-headed ogre
 11389 | D:10     | Found a basalt altar of Yredelemnul.
 11789 | D:10     | Found a hide-covered altar of Uskayaw.
 11943 | D:10     | Found a glowing golden altar of the Shining One.
 12058 | D:11     | Reached XP level 12. HP: 85/85 MP: 25/25
 12128 | D:11     | Reached skill level 16 in Ice Magic
 12167 | D:11     | Found a frozen archway.
 12194 | IceCv    | Entered an ice cave
 12307 | IceCv    | Reached skill level 5 in Air Magic
 12514 | IceCv    | Noticed a quicksilver ooze
 12520 | IceCv    | Killed a quicksilver ooze
 12806 | IceCv    | Noticed a quicksilver ooze
 12814 | IceCv    | Killed a quicksilver ooze
 13034 | IceCv    | Reached skill level 10 in Fighting
 13034 | IceCv    | Reached skill level 10 in Spellcasting
 13152 | IceCv    | Learned a level 4 spell: Summon Lightning Spire
 13590 | IceCv    | Found a viscous altar of Jiyva.
 13590 | IceCv    | Noticed an azure jelly
 13600 | IceCv    | Killed an azure jelly
 13601 | IceCv    | Reached skill level 17 in Ice Magic
 13688 | IceCv    | Noticed an azure jelly
 13701 | IceCv    | HP: 4/88 [azure jelly (7)]
 13703 | IceCv    | Killed an azure jelly
 13977 | IceCv    | Got the ring "Ojirazum" {Ice Will+ Dex+4}
 13981 | IceCv    | Got the ring of Nir Buth {rC+ Int+5}
 14257 | IceCv    | Identified the +1 leather armour "Ereca" {Dex+4}
 14445 | D:11     | Noticed a two-headed ogre
 14452 | D:11     | Killed a two-headed ogre
 14453 | D:11     | Reached skill level 1 in Summonings
 14453 | D:11     | Gained mutation: You can hop long distances. [Barachi
                  | growth]
 14453 | D:11     | Reached XP level 13. HP: 93/93 MP: 18/27
 14823 | D:11     | Reached ***** piety under Hepliaklqana
 15245 | D:11     | Found a staircase to the Orcish Mines.
 15842 | D:9      | Bought a book of Vapours for 338 gold pieces
 15848 | D:9      | Learned a level 5 spell: Freezing Cloud
 15862 | Lair:1   | Entered Level 1 of the Lair of Beasts
 16437 | Lair:1   | Reached skill level 1 in Armour
 16778 | Lair:1   | Reached skill level 1 in Conjurations
 17519 | Lair:2   | Reached skill level 18 in Ice Magic
 17824 | Lair:2   | You fall into a shaft and drop 1 floor!
 18284 | Lair:2   | Reached XP level 14. HP: 101/101 MP: 29/29
 19097 | Lair:3   | Acquired 1048 gold pieces
 19236 | Lair:3   | Reached skill level 10 in Air Magic
 19956 | Lair:3   | Found a staircase to the Swamp.
 20108 | Lair:3   | Found a hole to the Spider Nest.
 21411 | Lair:4   | Reached skill level 19 in Ice Magic
 21776 | Lair:4   | Reached skill level 5 in Armour
 22029 | Lair:4   | Reached ****** piety under Hepliaklqana
 22176 | Lair:5   | Entered Level 5 of the Lair of Beasts
 22514 | Lair:5   | Reached skill level 5 in Conjurations
 22514 | Lair:5   | Reached XP level 15. HP: 106/106 MP: 19/30
 23351 | Lair:5   | Found a staircase to the Slime Pits.
 23357 | Lair:5   | Found a viscous altar of Jiyva.
 25137 | Orc:1    | Entered Level 1 of the Orcish Mines
 25139 | Orc:1    | Reached skill level 20 in Ice Magic
 25343 | Orc:1    | Noticed Jeffwins's ghost (journeyman OgMo)
 25352 | Orc:1    | Noticed an orc warlord
 25361 | Orc:1    | Killed an orc warlord
 25575 | Orc:1    | Found a runed translucent door.
 26575 | Orc:1    | Learned a level 3 spell: Summon Guardian Golem
 27231 | D:12     | Noticed Erolcha
 27234 | D:12     | Killed Erolcha
 27609 | D:12     | Noticed Nessos
 27614 | D:12     | Killed Nessos
 28981 | D:13     | Found an iron altar of Okawaru.
 29152 | D:9      | Bought a potion of curing for 42 gold pieces
 29152 | D:9      | Bought a potion of curing for 42 gold pieces
 29152 | D:9      | Bought a potion of curing for 42 gold pieces
 29152 | D:9      | Bought a potion of curing for 42 gold pieces
 29152 | D:9      | Bought a potion of cancellation for 112 gold pieces
 29242 | D:14     | Reached XP level 16. HP: 97/112 MP: 32/32
 29589 | D:14     | Reached skill level 10 in Dodging
 29716 | D:14     | Found a gate to the Vaults.
 30372 | D:15     | Entered Level 15 of the Dungeon
 30590 | D:15     | Noticed Uvinaotu's ghost (journeyman MiFi)
 30778 | D:15     | Found a runed translucent gate.
 30778 | D:15     | Found a runed translucent gate.
 30778 | D:15     | Found a runed translucent gate.
 31101 | D:15     | Found a staircase to the Depths.
 31392 | D:15     | Reached skill level 21 in Ice Magic
 32311 | Swamp:1  | Entered Level 1 of the Swamp
 32410 | Swamp:1  | Found a transporter.
 32701 | Swamp:1  | Found a transporter.
 32916 | Swamp:1  | Learned a level 2 spell: Blink
 32938 | Swamp:1  | Identified the ring "Quepum" {+Blink rElec Str-3 Int+6
                  | Slay+4}
 32941 | Swamp:1  | Identified the +2 hat of Charity {Harm +Inv}
 33472 | Swamp:2  | Found a runed translucent gate.
 33472 | Swamp:2  | Found a runed translucent gate.
 33472 | Swamp:2  | Found a runed translucent gate.
 33472 | Swamp:2  | Noticed a thorn hunter
 33472 | Swamp:2  | Noticed diceflayer's ghost (journeyman DsHu)
 33625 | Swamp:2  | Noticed a fenstrider witch
 33644 | Swamp:2  | Killed a fenstrider witch
 33993 | Swamp:2  | Reached skill level 10 in Armour
 34200 | Swamp:2  | Noticed a thorn hunter
 34208 | Swamp:2  | Identified the staff of conjuration "Megen" {Fragile rN+
                  | Dex+2}
 34208 | Swamp:2  | Noticed a fenstrider witch
 35232 | Swamp:3  | Reached XP level 17. HP: 117/117 MP: 34/34
 35385 | Swamp:4  | Entered Level 4 of the Swamp
 35469 | Swamp:4  | Noticed Louise
 35547 | Swamp:4  | Killed Louise
 35769 | Swamp:4  | Noticed a tentacled monstrosity
 35778 | Swamp:4  | Killed a tentacled monstrosity
 36094 | Swamp:4  | Reached skill level 22 in Ice Magic
 37032 | Swamp:4  | Noticed a tentacled monstrosity
 37038 | Swamp:4  | Killed a tentacled monstrosity
 37694 | Swamp:4  | Got a decaying rune of Zot
 38242 | Spider:1 | Entered Level 1 of the Spider Nest
 38371 | Spider:1 | You fall into a shaft and drop 1 floor!
 38389 | Spider:2 | Reached skill level 1 in Translocations
 38820 | Spider:1 | Reached skill level 10 in Conjurations
 39075 | Spider:1 | Noticed Aizul
 39084 | Spider:1 | Killed Aizul
 39776 | Spider:1 | Reached XP level 18. HP: 124/124 MP: 26/36
 40758 | Spider:2 | Reached skill level 23 in Ice Magic
 41171 | Spider:2 | Identified the +3 trident of Watanludgh {flame, Str+3
                  | Int+3}
 43337 | Spider:4 | Entered Level 4 of the Spider Nest
 44637 | Spider:4 | Reached skill level 5 in Translocations
 45612 | Spider:4 | Reached skill level 15 in Armour
 45731 | Spider:4 | Reached XP level 19. HP: 125/128 MP: 0/37
 46140 | Spider:1 | Learned a level 3 spell: Stone Arrow
 46455 | D:11     | Killed Jeffwins's ghost
 46576 | Orc:2    | Entered Level 2 of the Orcish Mines
 46815 | Orc:2    | Reached skill level 24 in Ice Magic
 46974 | Orc:2    | Found Odas's Jewellery Shoppe.
 46975 | Orc:2    | Found Imuikh's Jewellery Shop.
 46995 | Orc:2    | Found Ytaewkeo's Distillery.
 47034 | Orc:2    | Bought a potion of heal wounds for 70 gold pieces
 47034 | Orc:2    | Found a staircase to the Elven Halls.
 47065 | Orc:2    | Found Baefavy's Antique Weapon Shop.
 47866 | Orc:2    | Bought the ring of Ythrirug {Will+ AC+4 Str+2 Int+4} for
                  | 1101 gold pieces
 47866 | Orc:2    | Bought the amulet "Ituxte" {Acrobat rElec rN+ Will++
                  | Stlth-} for 1094 gold pieces
 47866 | Orc:2    | Bought a ring of see invisible for 270 gold pieces
 47991 | Orc:2    | Bought a potion of haste for 140 gold pieces
 47991 | Orc:2    | Bought a potion of haste for 140 gold pieces
 47991 | Orc:2    | Bought a potion of ambrosia for 112 gold pieces
 48310 | Spider:4 | Got a gossamer rune of Zot
 48681 | Depths:1 | Entered Level 1 of the Depths
 48688 | Depths:1 | Found a one-way gate to the infinite horrors of the Abyss.
 48727 | Depths:1 | Reached skill level 15 in Spellcasting
 48935 | Depths:1 | You fall into a shaft and drop 1 floor!
 49236 | Depths:2 | Found a one-way gate leading to the halls of Pandemonium.
 49673 | Depths:1 | Found a gateway to Hell.
 49852 | Depths:1 | Found an ancient bone altar of Kikubaaqudgha.
 51474 | Depths:1 | Found a portal to a secret trove of treasure.
 51526 | Depths:1 | Found a hide-covered altar of Uskayaw.
 51579 | Depths:1 | Reached XP level 20. HP: 131/136 MP: 34/39
 52494 | Depths:2 | Reached skill level 1 in Earth Magic
 52723 | Depths:2 | Found a corrupted altar of Lugonu.
 53140 | Depths:2 | Paralysed by a floating eye for 4 turns
 53689 | Depths:2 | Noticed a golden dragon
 53695 | Depths:2 | Noticed a golden dragon
 53708 | Depths:2 | Killed a golden dragon
 54059 | Depths:2 | Found a blossoming altar of Fedhas.
 54423 | Depths:2 | Got the Vellum of Toxicants
 54425 | Depths:2 | Identified the staff of cold "Dixuj" {rC+ Dex+5}
 54901 | Depths:2 | Killed a golden dragon
 55020 | Depths:2 | Identified the +9 whip of the Enchanted Forest {holy, rPois
                  | Will+}
 55360 | Depths:3 | Noticed a golden dragon
 55370 | Depths:3 | Killed a golden dragon
 55697 | Depths:3 | Identified the +1 whip of Stickiness {heavy, Int+3}
 55961 | D:9      | Bought a book of the Tundra for 416 gold pieces
 55965 | D:9      | Learned a level 3 spell: Hailstorm
 56397 | Depths:3 | Found a glowing silver altar of Zin.
 56730 | Depths:3 | Reached XP level 21. HP: 145/145 MP: 28/41
 57126 | Depths:3 | Found Dyseh's Serpentskin Sales.
 57331 | Depths:3 | Found Big Baal Hell's Store.
 57640 | Depths:3 | Got Errol's Catalogue of Stolen Souls and Modification
 57642 | Depths:3 | Got Alistair's Compilation of Amorphous Toxins
 58265 | Elf:1    | Entered Level 1 of the Elven Halls
 58411 | Elf:1    | Reached skill level 5 in Earth Magic
 58549 | Orc:2    | Learned a level 2 spell: Sublimation of Blood
 58649 | Elf:1    | Found an ancient bone altar of Kikubaaqudgha.
 58912 | Elf:1    | Got the Cyclopedia of Attendants
 58956 | Elf:1    | Reached skill level 1 in Necromancy
 59267 | Elf:1    | Paralysed by an air elemental for 1 turns
 59636 | Elf:1    | Found Jaheoryx's Weapon Emporium.
 59997 | Elf:1    | Reached skill level 10 in Translocations
 60327 | Elf:2    | Paralysed by an air elemental for 1 turns
 60339 | Elf:2    | Reached skill level 15 in Conjurations
 60675 | Elf:2    | Found Beut Meo's Antique Armour Emporium.
 60677 | Elf:2    | Paralysed by an air elemental for 1 turns
 60708 | Elf:2    | Bought a faintly humming ring mail for 279 gold pieces
 60708 | Elf:2    | Identified the +1 ring mail of Indemnity {Str+4} (You
                  | bought it in a shop on level 2 of the Elven Halls)
 60875 | Elf:2    | Found Miets's General Store.
 60881 | Elf:2    | Bought a scroll of enchant weapon for 112 gold pieces
 61190 | Depths:1 | You paid a toll of a +5 demon trident to enter a treasure
                  | trove
 61191 | Trove    | Entered a treasure trove
 61193 | Trove    | Found the +6 Majin-Bo {spellvamp, MP+6 Int+6}
 61571 | Elf:2    | Found a transporter.
 61571 | Elf:2    | Found Voziv's Antique Weapon Shop.
 61573 | Elf:2    | Found a transporter.
 61645 | Elf:2    | Found a runed translucent gate.
 61645 | Elf:2    | Found a runed translucent gate.
 61645 | Elf:2    | Found a runed translucent gate.
 61710 | Elf:2    | Found Orphobeu's Weapon Shoppe.
 62466 | Elf:3    | Entered Level 3 of the Elven Halls
 63078 | Elf:3    | Identified the +8 flail "Ydgho" {holy, *Rage rElec rF+ rC-
                  | Str+6}
 63083 | Elf:3    | Identified the +7 short sword "Uvikk" {freeze, *Noise Str+5
                  | Int+3}
 63742 | Elf:3    | Identified the +7 halberd of the Pariah {flame, rC+ rCorr
                  | Stlth+}
 63983 | Elf:3    | Reached XP level 22. HP: 143/154 MP: 42/42
 64681 | Elf:3    | Identified the ring "Jadek" {Fly rElec rPois rC- EV+5}
 64721 | Elf:3    | Identified the ring of Zamal {rF+ Str-5 Int+4 Slay+4}
 64954 | Elf:3    | Identified the +5 trident "Deev" {spect, *Rage rElec rC+}
 65048 | Elf:3    | Identified the staff of earth "Pohel" {rF- rCorr Str+5}
 65050 | Elf:3    | Identified the +3 helmet of Darkness {rCorr}
 65492 | D:15     | Killed Uvinaotu's ghost
 65622 | D:15     | Identified the +2 cloak "Doeff" {Will+}
 65906 | Slime:1  | Entered Level 1 of the Pits of Slime
 67130 | Slime:1  | You fall into a shaft and drop 1 floor!
 67339 | Slime:3  | Noticed Dissolution
 67417 | Slime:3  | Killed Dissolution
 67772 | Slime:5  | Entered Level 5 of the Pits of Slime
 68516 | Slime:5  | Noticed the Royal Jelly
 68547 | Slime:5  | Killed the Royal Jelly
 68801 | Slime:5  | Gained mutation: You occasionally lose the ability to drink
                  | potions when taking damage. [a shining eye]
 68805 | Slime:5  | Gained mutation: Your body sometimes deteriorates upon
                  | taking damage. [a shining eye]
 68995 | Slime:5  | Reached skill level 5 in Necromancy
 69016 | Slime:5  | Found the amulet of the Air {Inacc Air Fly rElec RMsl}
 69058 | Slime:5  | Identified the +0 plate armour of Peek-a-Boo {rElec MP-9
                  | Int+3 SInv}
 69063 | Slime:5  | Identified the +9 hand axe of Diet Blood {freeze, rPois rN+
                  | SInv}
 69121 | Slime:5  | Identified the +1 great mace of Fatunaw {vamp, *Rage rC+
                  | Stlth+}
 69124 | Slime:5  | Identified the ring "Boacket" {*Slow rPois rC+ rCorr SInv}
 69130 | Slime:5  | Got a slimy rune of Zot
 69813 | Depths:4 | Entered Level 4 of the Depths
 70152 | Depths:4 | Found Otaor's Assorted Antiques.
 70362 | Depths:4 | Noticed a caustic shrike
 70365 | Depths:4 | Noticed a caustic shrike
 70367 | Depths:4 | Noticed a caustic shrike
 70371 | Depths:4 | Killed a caustic shrike
 70538 | Depths:4 | Found Aqapsi's Book Shoppe.
 70541 | Depths:4 | Found Foeloat's Distillery.
 70554 | Depths:4 | Learned a level 6 spell: Iron Shot
 70659 | Depths:4 | Killed a caustic shrike
 70660 | Depths:4 | Reached XP level 23. HP: 71/162 MP: 20/44
 70858 | Depths:4 | Found a one-way gateway to a ziggurat.
 70888 | Depths:4 | Noticed Mennas
 71199 | Depths:4 | Reached skill level 15 in Fighting
 71579 | Depths:4 | Killed Mennas
 71903 | Depths:4 | Killed a caustic shrike
 72321 | Depths:4 | Noticed Margery
 72328 | Depths:4 | Killed Margery
 73250 | Depths:4 | Found a gate to the Realm of Zot.
 73256 | Depths:4 | Lost mutation: Your body sometimes deteriorates upon taking
                  | damage. [potion of mutation]
 73256 | Depths:4 | Lost mutation: You occasionally lose the ability to drink
                  | potions when taking damage. [potion of mutation]
 73256 | Depths:4 | Gained mutation: Your muscles are strong. (Str +4, Int/Dex
                  | -1) [potion of mutation]
 73323 | Depths:4 | Bought a potion of heal wounds for 100 gold pieces
 73323 | Depths:4 | Bought a potion of haste for 200 gold pieces
 73323 | Depths:4 | Bought a potion of curing for 60 gold pieces
 73323 | Depths:4 | Bought a potion of heal wounds for 100 gold pieces
 73323 | Depths:4 | Bought a potion of heal wounds for 100 gold pieces
 73323 | Depths:4 | Bought a potion of curing for 60 gold pieces
 73325 | Depths:4 | Bought a potion of heal wounds for 140 gold pieces
 73395 | Zot:1    | Entered Level 1 of the Realm of Zot
 74248 | Zot:1    | You fall into a shaft and drop 1 floor!
 74252 | Zot:2    | Noticed an ancient lich
 76414 | Zot:2    | Found a transporter.
 76416 | Zot:2    | Found a shimmering blue altar of Sif Muna.
 76435 | Zot:2    | Reached skill level 25 in Ice Magic
 78086 | Zot:2    | Noticed a dread lich
 78250 | Zot:3    | Noticed a Killer Klown
 78260 | Zot:3    | Killed a Killer Klown
 78436 | Zot:3    | Noticed a golden dragon
 78614 | Zot:3    | Acquired a book of the Moon
 78621 | Zot:3    | Learned a level 4 spell: Passage of Golubria
 79025 | Zot:3    | Killed a golden dragon
 80387 | Zot:3    | Reached XP level 24. HP: 171/171 MP: 44/44
 80897 | Zot:3    | Noticed a curse toe
 80987 | Zot:3    | Killed a curse toe
 81648 | Zot:4    | Noticed an orb of fire
 81660 | Zot:4    | Killed an orb of fire
 82129 | Zot:4    | Noticed an orb of fire
 82247 | Zot:4    | Killed an orb of fire
 83168 | Zot:5    | Entered Level 5 of the Realm of Zot
 83251 | Zot:5    | Noticed a curse toe
 83258 | Zot:5    | Killed a curse toe
 84725 | Zot:5    | Noticed an orb of fire
 84732 | Zot:5    | Noticed an orb of fire
 84735 | Zot:5    | Noticed an orb of fire
 84917 | Zot:5    | Noticed an orb of fire
 84920 | Zot:5    | Gained mutation: Your body sometimes deteriorates upon
                  | taking damage. [an orb of fire]
 84925 | Zot:5    | Noticed an orb of fire
 84925 | Zot:5    | Noticed an orb of fire
 84925 | Zot:5    | Gained mutation: You are dopey. (Int -2) [an orb of fire]
 84929 | Zot:5    | Gained mutation: You sometimes lose your temper in combat.
                  | [an orb of fire]
 84933 | Zot:5    | Gained mutation: You have a pair of small horns on your
                  | head. [an orb of fire]
 85246 | Zot:4    | Lost mutation: You are dopey. (Int -2) [potion of mutation]
 85246 | Zot:4    | Lost mutation: You have a pair of small horns on your head.
                  | [potion of mutation]
 85246 | Zot:4    | Gained mutation: You occasionally lose the ability to read
                  | scrolls when taking damage. [potion of mutation]
 85246 | Zot:4    | Lost mutation: Your body sometimes deteriorates upon taking
                  | damage. [potion of mutation]
 85246 | Zot:4    | Gained mutation: You expend magic power (3 MP) to
                  | strengthen your wands. [potion of mutation]
 85381 | Zot:5    | Noticed an orb of fire
 85395 | Zot:5    | Gained mutation: You are occasionally teleported next to
                  | monsters. [an orb of fire]
 85403 | Zot:5    | HP: 4/172 [orb of fire/fireball (27)]
 85410 | Zot:5    | Gained mutation: Armour fits poorly on your strangely
                  | shaped body. [an orb of fire]
 85418 | Zot:5    | Gained mutation: You are frail. (-10% HP) [an orb of fire]
 85695 | Zot:4    | Lost mutation: You sometimes lose your temper in combat.
                  | [potion of mutation]
 85695 | Zot:4    | Lost mutation: Armour fits poorly on your strangely shaped
                  | body. [potion of mutation]
 85695 | Zot:4    | Lost mutation: Your muscles are strong. (Str +4, Int/Dex
                  | -1) [potion of mutation]
 85695 | Zot:4    | Lost mutation: You are frail. (-10% HP) [potion of
                  | mutation]
 85695 | Zot:4    | Gained mutation: Your mind is acute. (Int +4, Str/Dex -1)
                  | [potion of mutation]
 85696 | Zot:4    | Lost mutation: You occasionally lose the ability to read
                  | scrolls when taking damage. [potion of mutation]
 85696 | Zot:4    | Lost mutation: Your mind is acute. (Int +4, Str/Dex -1)
                  | [potion of mutation]
 85696 | Zot:4    | Lost mutation: You expend magic power (3 MP) to strengthen
                  | your wands. [potion of mutation]
 85696 | Zot:4    | Gained mutation: You are vulnerable to heat. (rF-) [potion
                  | of mutation]
 85696 | Zot:4    | Gained mutation: Your magical capacity is low. (-10% MP)
                  | [potion of mutation]
 85696 | Zot:4    | Gained mutation: You are agile. (Dex +4, Str/Int -1)
                  | [potion of mutation]
 85697 | Zot:4    | Lost mutation: You are vulnerable to heat. (rF-) [potion of
                  | mutation]
 85697 | Zot:4    | Lost mutation: Your magical capacity is low. (-10% MP)
                  | [potion of mutation]
 85697 | Zot:4    | Gained mutation: Your spells are a little easier to cast,
                  | but a little less powerful. [potion of mutation]
 85697 | Zot:4    | Gained mutation: You have supernaturally acute eyesight.
                  | (SInv) [potion of mutation]
 86029 | Vaults:1 | Entered Level 1 of the Vaults
 86491 | Vaults:1 | Reached skill level 10 in Earth Magic
 87135 | Vaults:1 | Noticed Nikola
 87144 | Vaults:1 | Killed Nikola
 88344 | Vaults:2 | Found a flickering gateway to a bazaar.
 88355 | Bazaar   | Entered a bazaar
 88355 | Bazaar   | Found Ziqaos's Book Boutique.
 88396 | Bazaar   | Found Vucs's Antique Weapon Emporium.
 88412 | Bazaar   | Found Leinaiwno's Antique Armour Emporium.
 88439 | Bazaar   | Found Suadofawn's Distillery.
 88441 | Bazaar   | Found Zappoic's General Store.
 88490 | Bazaar   | Bought an embroidered cloak for 150 gold pieces
 88507 | Bazaar   | Bought a potion of heal wounds for 60 gold pieces
 88507 | Bazaar   | Bought a potion of curing for 36 gold pieces
 88507 | Bazaar   | Bought 2 potions of mutation for 192 gold pieces
 88515 | Bazaar   | Bought a scroll of enchant armour for 150 gold pieces
 88515 | Bazaar   | Bought a potion of heal wounds for 100 gold pieces
 88647 | Vaults:2 | Reached XP level 25. HP: 175/179 MP: 45/45
 88949 | Vaults:2 | Found a staircase to the Crypt.
 88949 | Vaults:2 | Found a basalt altar of Yredelemnul.
 88949 | Vaults:2 | Found an ancient bone altar of Kikubaaqudgha.
 90382 | Vaults:3 | Reached skill level 26 in Ice Magic
 90468 | Vaults:3 | Found Ebegicat's Antique Weapon Shoppe.
 90891 | Vaults:3 | Lost mutation: You have supernaturally acute eyesight.
                  | (SInv) [potion of mutation]
 90891 | Vaults:3 | Lost mutation: Your spells are a little easier to cast, but
                  | a little less powerful. [potion of mutation]
 90891 | Vaults:3 | Gained mutation: You have very sharp teeth. [potion of
                  | mutation]
 90891 | Vaults:3 | Gained mutation: You are covered in fur. (AC +1) [potion of
                  | mutation]
 90892 | Vaults:3 | Lost mutation: You are covered in fur. (AC +1) [potion of
                  | mutation]
 90892 | Vaults:3 | Lost mutation: You are occasionally teleported next to
                  | monsters. [potion of mutation]
 90892 | Vaults:3 | Gained mutation: Your mind is acute. (Int +4, Str/Dex -1)
                  | [potion of mutation]
 90892 | Vaults:3 | Gained mutation: You are partially covered in iridescent
                  | scales. (AC +2) [potion of mutation]
 90892 | Vaults:3 | Gained mutation: You are strong-willed. (Will+) [potion of
                  | mutation]
 91829 | Vaults:3 | Acquired 808 gold pieces
 94186 | Vaults:4 | Found Gozag's Antique Weapon Boutique.
 94192 | Vaults:4 | Found Gozag's Antique Weapon Boutique.
 94193 | Vaults:4 | Found an opulent altar of Gozag.
 94364 | Vaults:4 | Found Gozag's Antique Armour Shop.
 94595 | Vaults:5 | Entered Level 5 of the Vaults
 94618 | Vaults:5 | Reached XP level 26. HP: 153/188 MP: 33/46
 94914 | Vaults:5 | Identified the ring "Vylejena" {rPois Str+4 Int+3}
 95925 | Vaults:5 | Identified the +3 spear of Foul Odours {elec, Dex+4 Stlth-}
 95929 | Vaults:5 | Reached skill level 27 in Ice Magic
 96076 | Vaults:5 | Noticed an ancient lich
 96084 | Vaults:5 | Killed an ancient lich
 96177 | Vaults:5 | Identified the ring "Sisyonaq" {+Blink rF- rC+ Dex+2}
 96538 | Vaults:5 | Learned a level 3 spell: Swiftness
 96650 | Vaults:5 | Identified the +6 trident "Taec Coj" {drain, Will+}
 97261 | Vaults:5 | Identified the +5 mace "Tiurixzuu" {drain, Drain rPois
                  | Int+2}
 97283 | Vaults:5 | Identified the +8 dagger of the Breathing Goat {freeze, rF-
                  | Dex+5}
 97818 | Vaults:5 | Identified the +2 buckler of the Turtle {Fly rC+ rCorr
                  | Dex+2}
 97845 | Vaults:5 | Got a silver rune of Zot
 97857 | Vaults:5 | Got the Elucidation of Position
 97971 | Vaults:5 | Identified the +9 shortbow "Coxikhlo" {flame, Int+4 SInv}
 98357 | Vaults:5 | Learned a level 8 spell: Lehudib's Crystal Spear
 98842 | Zot:5    | Killed an orb of fire
 98988 | Zot:5    | Killed an orb of fire
 99381 | Zot:5    | Killed an orb of fire
 99483 | Zot:5    | Noticed a dread lich
 99496 | Zot:5    | Killed a dread lich
 99732 | Zot:5    | Gained mutation: Potions are less effective at restoring
                  | your health. [an orb of fire]
 99741 | Zot:5    | Killed an orb of fire
 99877 | Zot:5    | Reached XP level 27. HP: 141/195 MP: 29/47
100115 | Zot:5    | Killed an orb of fire
100135 | Zot:5    | Noticed an orb of fire
100144 | Zot:5    | Killed an orb of fire
100300 | Zot:5    | Gained mutation: You have hidden genetic defects. [an orb
                  | of fire]
100307 | Zot:5    | Killed an orb of fire
100546 | Zot:5    | Noticed an orb of fire
100995 | Zot:5    | Killed an orb of fire
101579 | Zot:5    | Killed an orb of fire
101587 | Zot:5    | Gained mutation: You occasionally lose the ability to drink
                  | potions when taking damage. [hidden defects]
102374 | Zot:5    | Noticed an ancient lich
102384 | Zot:5    | Killed an ancient lich
102612 | Zot:5    | Got the Orb of Zot
102778 | Zot:3    | Noticed Xoqabad the pandemonium lord
102905 | Zot:1    | Noticed Ennac the pandemonium lord
102910 | Zot:1    | Noticed Jofuezeiwn the pandemonium lord
102981 | Depths:4 | Lost mutation: You are agile. (Dex +4, Str/Int -1) [hidden
                  | defects]
102981 | Depths:4 | Lost mutation: You have hidden genetic defects. [hidden
                  | defects expressed]
103587 | Depths:1 | Noticed Burigane the pandemonium lord
104070 | D:13     | Noticed Qeodylo the pandemonium lord
104444 | D:$      | Escaped with the Orb!

Illustrated notes

Levels and vault maps discovered:
D:1:      dpeg_arrival_shelter, layout_basic
D:2:      layout_basic, basic_altar, hellmonk_ecumenical_altar_inner_sanctum
D:3:      kb_forest_paths, layout_basic, mainiacjoe_overflow_boulevard,
          serial_shops, shop, nicolae_shop_getting_attention,
          nicolae_book_shop_shelving
D:4:      layout_basic, lemuel_coloured_pillars_altar, uniq_crazy_yiuf_cottage
D:5:      layout_basic, mainiacjoe_overflow_paths, nicolae_fountain_basement
D:6:      layout_rooms, mainiacjoe_overflow_alcove_4, minmay_crystal_room,
          kennysheep_nub, nicolae_take_the_stairs, uniq_sigmund
D:7:      layout_gridville, marbit_many_paths, general_overflow_altar,
          minmay_temple_entry_oklob
D:8:      layout_basic, enter_bailey_6, uniq_pikel, uniq_grum
D:9:      layout_cave_pools, xom_redecorated, erik_lair_island, serial_shops,
          shop, nicolae_shop_trees, shop
D:10:     layout_loops_cross, mainiacjoe_overflow_brackets,
          overflow_temple_1_default, kennysheep_mini
D:11:     layout_small_grid, david_orc_4, portal_ice_cave_rime
D:12:     layout_basic, elves_outpost_lemuel, uniq_erolcha, uniq_nessos
D:13:     layout_loops_ring, minmay_misc_feat_square, nicolae_eternal_life,
          okawaru_ov_weapons_minmay
D:14:     layout_roguey, erik_vaults_1, nicolae_two_hexagons
D:15:     grunt_enter_depths_hoard, layout_basic, maelrawn_ghost_gauntlet_escape
Lair:1:   wad_woods_minihive, layout_long_grid
Lair:2:   layout_regular_city, nicolae_quartered_pool_super, lemuel_fruit_fields
Lair:3:   layout_cave_pods, minmay_swamp_entry_worms,
          nicolae_spider_entry_tight_spaces, beast_lair_carwin_2,
          grunt_megastairs_3, lemuel_fruit_fields
Lair:4:   layout_regular_city
Lair:5:   evilmike_catoblepas_cave, layout_regular_city, slime_entry_1,
          grunt_forest_stairs_basic, grunt_megastairs_5
Swamp:1:  gammafunk_worm_tunnel, layout_basic_swamp, nicolae_swamp_treefoil
Swamp:2:  layout_basic_swamp, gammafunk_ghost_split, hangedman_swamp_ruin_wall,
          swamp_pool4, nzn_swamp_dancing_lights
Swamp:3:  layout_basic_swamp, nicolae_swamp_feature_on_the_river_bank,
          nicolae_swamp_tree_designs
Swamp:4:  swamp_basic_johnstein, layout_basic_swamp, swamp_pool1,
          infiniplex_staircase_pool, uniq_louise
Spider:1: layout_cave_pods, uniq_aizul
Spider:2: layout_spider_delve, drop_trap, hangedman_spider_trapstep
Spider:3: layout_spider_delve, special_room, hangedman_spider_tarantella_strand
Spider:4: grunt_spider_rune_parallel
Slime:1:  layout_caves
Slime:2:  layout_caves
Slime:3:  layout_caves, dissolution_awaits
Slime:4:  layout_caves
Slime:5
Orc:1:    layout_caves, hellmonk_ghost_happy_afterlife, basic_altar
Orc:2:    st_orc_open, layout_caves, nicolae_orc_lost_temple
Elf:1:    minmay_elf_arrival_summoners, layout_loops_corners, basic_altar,
          serial_shops, nicolae_shop_rolling_square, minmay_elf_demonology,
          drop_trap, corexii_checkpoint_a, lemuel_upstairs_altar
Elf:2:    elven_hall_of_blades_hangedman_original
          [nicolae_blade_entry_hurt_lockers], layout_geoelf_diagonals,
          serial_shops, shop_statue, nicolae_shop_statue_plus,
          nicolae_shop_drivethru, shop, special_room [special_room_orc]
Elf:3:    minmay_elf_hall_not_hex, layout_gridlike
Vaults:1: vaults_room_grid, nicolae_vaults_tetromino_Z_2,
          vaults_mumra_minichess_inversion, hangedman_vaults_capsules,
          v_misc_11, nicolae_vaults_network_star,
          nicolae_vaults_trapezoid_lopsided_1, layout_vaults_omnigrid,
          uniq_nikola
Vaults:2: ontoclasm_vaults_fault, dpeg_vaults_monster_row, v_misc_17,
          v_alt_pattern_5, nicolae_vaults_door_testing_chamber,
          nicolae_vaults_variable_pillar_hall, v_misc_23,
          nicolae_vaults_network_periphery, vaults_dpeg_cross, v_misc_27,
          nicolae_vaults_surprise_closet, nicolae_vaults_tetromino_L_1,
          ontoclasm_vaults_idyll, minmay_crypt_entry_necro_gods,
          layout_vaults_omnicross, serial_shops, bzr_entry_customers
Vaults:3: nicolae_vaults_weapon_check, nicolae_vaults_trapezoid_layered,
          v_misc_15, ontoclasm_vaults_misaligned,
          nicolae_vaults_oval_intersection,
          nicolae_vaults_offset_grid_hallway_3, layout_vaults_chaotic_city,
          serial_shops, shop
Vaults:4: v_rooms_6, ontoclasm_vaults_hangar, nicolae_vaults_sightless_eye,
          v_pattern_4, nicolae_vaults_closet_pinwheel_1,
          nicolae_vaults_offset_grid_hallway_2, hangedman_vaults_nodes,
          kennysheep_vaults_gozag_temple, v_misc_12, v_misc_24,
          nicolae_vaults_tetromino_L_2, vaults_room_semicircle,
          layout_vaults_ring
Vaults:5: serial_shops
Depths:1: layout_roguey, hell_entry, kiku_gazebo_garden_becter, enter_trove_6,
          hangedman_abyss_entry_splay, grunt_pan_entry_zigzag,
          eino_small_chamber_without_monster, kennysheep_cluttered_room,
          minmay_tree_intersection, nicolae_uskayaw_en_pointe
Depths:2: grunt_crosshair, layout_cave_shapes, serial_bayou_shore_b,
          grunt_mini_vestibule, abyss_entry_flame_altar, pan_entry,
          fedhas_altar_4
Depths:3: cheibrodos_lost_city_excavation, layout_basic, abyss_entry, zin_angel,
          nicolae_hell_entry_big_baal_hell, guppyfry_shop_venom,
          grunt_megastairs_4, infiniplex_staircase_door_maze
Depths:4: evilmike_zot_entry_round, layout_basic, enter_ziggurat_f,
          grunt_hell_entry_dis_old, pan_entry, abyss_entry, minmay_shop_star,
          uniq_mennas, uniq_margery
Zot:1:    layout_gridlike
Zot:2:    gammafunk_sealed_library, layout_misc_corridors
Zot:3:    layout_onion_interference, st_stairs_1
Zot:4:    layout_gridlike
Zot:5:    layout_gridlike

Skill      XL: |  1  2  3  4  5  6  7  8  9 10 11 12 13 14 15 16 17 18 19 20 21 22 23 24 25 26 27 |
---------------+----------------------------------------------------------------------------------+-----
Ice Magic      | 5 6 7 8 10 12 14 15 17 18 19 20 21 22 23 24 25 26 27 | 27.0
Dodging        | 3 4 5 7 8 9 10 | 10.2
Spellcasting   | 3 4 5 6 8 9 10 11 12 13 14 15 16 17 18 19 20 | 20.9
Fighting       | 2 4 8 9 10 11 13 14 15 16 17 18 | 18.1
Shields        | 2 4 5 |  5.3
Air Magic      | 4 7 9 10 | 10.6
Summonings     | 1 3 |  3.0
Armour         | 2 5 7 10 13 15 16 17 18 19 20 21 | 21.1
Conjurations   | 2 5 7 8 10 11 12 14 15 17 18 19 20 21 22 | 22.4
Translocations | 2 5 7 9 10 11 12 13 | 13.0
Earth Magic    | 4 6 7 9 10 11 12 14 | 14.7
Necromancy     | 3 5 6 |  6.0
Stealth        | |  1.7

Action                     |  1- 3 |  4- 6 |  7- 9 | 10-12 | 13-15 | 16-18 | 19-21 | 22-24 | 25-27 || total
---------------------------+-------+-------+-------+-------+-------+-------+-------+-------+-------++-------
  Melee: Unarmed           |    10 |       |       |       |       |       |       |       |       ||    10
         Staff             |       |       |       |    77 |    52 |    80 |    42 |    25 |    13 ||   289
         Hand axe          |       |       |       |       |       |       |       |     5 |       ||     5
         Bite              |       |       |       |       |       |       |       |       |     2 ||     2
   Fire: Sling             |    23 |   189 |   214 |     7 |       |       |       |       |       ||   433
   Cast: Freeze            |    43 |    22 |     8 |       |     2 |     4 |       |       |       ||    79
         Frozen Ramparts   |     1 |     4 |    21 |    42 |    59 |    33 |    47 |    11 |     2 ||   220
         Ozocubu's Armour  |       |     1 |    12 |    28 |    41 |    43 |    39 |    21 |    10 ||   195
         Summon Ice Beast  |       |       |       |    34 |    43 |    90 |    86 |    75 |    12 ||   340
         Magic Dart        |       |       |       |     9 |       |       |       |       |       ||     9
         Ozocubu's Refrige |       |       |       |    10 |    79 |   127 |   157 |   318 |   219 ||   910
         Airstrike         |       |       |       |    32 |   133 |   196 |    95 |    34 |     7 ||   497
         Summon Lightning  |       |       |       |     1 |     6 |       |       |       |       ||     7
         Freezing Cloud    |       |       |       |       |    56 |   113 |   107 |   145 |    54 ||   475
         Summon Guardian G |       |       |       |       |     1 |       |       |       |       ||     1
         Stone Arrow       |       |       |       |       |       |       |    54 |    20 |     1 ||    75
         Sublimation of Bl |       |       |       |       |       |       |     1 |    72 |    71 ||   144
         Blink             |       |       |       |       |       |       |     1 |     1 |       ||     2
         Iron Shot         |       |       |       |       |       |       |       |    99 |   247 ||   346
         Passage of Golubr |       |       |       |       |       |       |       |     2 |       ||     2
         Swiftness         |       |       |       |       |       |       |       |       |     3 ||     3
 Invoke: Ancestor Life: Kn |       |     1 |       |       |       |       |       |       |       ||     1
         Ancestor Identity |       |     1 |       |       |       |       |       |       |       ||     1
         Recall Ancestor   |       |       |     1 |       |     6 |     5 |     5 |    13 |    10 ||    40
         Idealise          |       |       |       |       |     1 |       |     5 |     2 |     2 ||    10
Ability: Hop               |       |     1 |     1 |     3 |     6 |     2 |     6 |    13 |    11 ||    43
  Evoke: Wand              |       |       |    12 |     9 |     8 |       |     2 |     1 |     4 ||    36
         Box of beasts     |       |       |       |       |     1 |       |     1 |       |       ||     2
         Lightning rod     |       |       |       |       |       |       |     2 |       |       ||     2
         Phial of floods   |       |       |       |       |       |       |     1 |       |       ||     1
    Use: Scroll            |     4 |    10 |     6 |     6 |     8 |     7 |    14 |    12 |    10 ||    77
         Potion            |       |       |     2 |     4 |     3 |     4 |     5 |    30 |    20 ||    68
   Stab: Sleeping          |       |       |       |     1 |       |       |       |       |       ||     1
         Distracted        |       |       |       |     2 |       |     1 |       |     1 |     1 ||     5
 Armour: Robe              |    12 |    29 |    21 |    37 |       |     1 |       |       |       ||   100
         Skin              |       |       |       |     6 |       |       |       |       |       ||     6
         Animal skin       |       |       |       |     7 |       |       |       |       |       ||     7
         Leather armour    |       |       |       |       |    21 |       |       |       |       ||    21
         Acid dragon scale |       |       |       |       |    23 |       |       |       |       ||    23
         Fire dragon scale |       |       |       |       |       |    11 |    79 |   197 |   206 ||   493
         Swamp dragon scal |       |       |       |       |       |    61 |    19 |       |       ||    80
  Dodge: Dodged            |    26 |    35 |    47 |    59 |    50 |   101 |   157 |   271 |   286 ||  1032
  Block: Buckler           |       |       |    19 |    62 |    59 |   107 |    52 |   103 |   113 ||   515
         Reflection        |       |       |       |     6 |     4 |     6 |     2 |     4 |     7 ||    29
